 Dungeon Crawl Stone Soup version 0.19.1-1-g22dce08 (webtiles) character file.

10770 esteth the Cleaver (level 11, -5/101 HPs)
             Began as a Minotaur Berserker on Jan 3, 2017.
             Was a High Priest of Trog.
             Slain by a hill giant
             ... wielding a +0 giant club
              (19 damage)
             ... on level 10 of the Dungeon.
             The game lasted 00:33:21 (10731 turns).

esteth the Cleaver (Minotaur Berserker)            Turns: 10731, Time: 00:33:22

Health: -5/101     AC: 20    Str: 28    XL:     11   Next: 40%
Magic:  10/10      EV:  5    Int:  6    God:    Trog [*****.]
Gold:   509        SH:  0    Dex: 12    Spells: 0 memorised, 10 levels left

rFire  . . .     SeeInvis +     T - +5 battleaxe of the Spider {freeze, Str+3 Int+2 Dex+2}
rCold  . . .     Gourm    .     L - +0 plate armour
rNeg   . . .     Faith    .     (shield currently unavailable)
rPois  +         Spirit   .     (helmet restricted)
rElec  .         Reflect  .     l - +2 cloak
rCorr  .         Harm     .     S - +0 pair of gloves
MR     .....                    (no boots)
Stlth  ..........               (no amulet)
                                w - ring of poison resistance
                                i - ring of see invisible

@: about to teleport, held
A: retaliatory headbutt, horns 2, shaggy fur 1
a: Berserk, Trog's Hand, Brothers in Arms, Burn Spellbooks, Renounce Religion


You were on level 10 of the Dungeon.
You worshipped Trog.
Trog was extremely pleased with you.
You were not hungry.

You visited 1 branch of the dungeon, and saw 10 of its levels.

You collected 740 gold pieces.
You spent 231 gold pieces at shops.

Inventory:

Hand Weapons
 a - a +1 hand axe
 z - a +0 blowgun
 F - a +0 war axe
 M - a +0 battleaxe
 T - the +5 battleaxe of the Spider (weapon) {freeze, Str+3 Int+2 Dex+2}
   (Trog gifted it to you on level 10 of the Dungeon)

   It has been specially enchanted to freeze those struck by it, causing extra
   injury to most foes and up to half again as much damage against particularly
   susceptible opponents.
   It can also slow down cold-blooded creatures.
   It affects your strength (+3).
   It affects your intelligence (+2).
   It affects your dexterity (+2).
Missiles
 A - 71 poisoned needles
 B - 18 tomahawks
 C - 5 javelins of penetration (quivered)
 I - 7 poisoned tomahawks
 P - 3 needles of confusion
Armour
 g - a +0 chain mail
 l - a +2 cloak (worn)
 m - a +1 shield of cold resistance
 L - a +0 plate armour (worn)
 S - a +0 pair of gloves (worn)
Jewellery
 i - a ring of see invisible (left hand)
 q - an uncursed ring of positive energy
 w - a ring of poison resistance (right hand)
Wands
 y - a wand of lightning (3/15)
 E - a wand of hasting (7/9)
 J - a wand of random effects (32/48)
 N - a wand of digging (18/24)
 R - a wand of random effects (12/48)
Scrolls
 b - 3 scrolls of identify
 k - 2 scrolls of teleportation
 t - 3 scrolls of magic mapping
 u - 4 scrolls of remove curse
 Q - a scroll of noise {unknown}
Potions
 d - a potion of haste
 e - 2 potions of lignification
 h - 4 potions of curing
 j - a potion of cancellation {unknown}
 n - a potion of invisibility
 o - 3 potions of degeneration
 s - a potion of heal wounds {unknown}
 v - a potion of ambrosia {unknown}
 x - a potion of agility {unknown}
 D - a potion of berserk rage
 G - a potion of beneficial mutation {unknown}
 K - a potion of flight
Comestibles
 c - 11 bread rations
 f - 5 beef jerkies
 p - 2 slices of pizza
 r - 5 meat rations
 H - 4 fruits
 O - a royal jelly


   Skills:
 - Level 10.8 Fighting
 - Level 13.5 Axes
 - Level 8.0 Throwing
 + Level 9.3 Armour
 - Level 2.5 Dodging
 - Level 1.3 Shields


You had 10 spell levels left.
You didn't know any spells.

Dungeon Overview and Level Annotations

Branches:
Dungeon (10/15)            Temple (0/1) D:5             Orc (0/2) D:9
   Lair: D:8-11

Altars:
Gozag

Shops:
D:5 [   D:9 ((

Annotations:
D:3 1 runed door


Innate Abilities, Weirdness & Mutations

You reflexively headbutt those who attack you in melee.
You have a pair of horns on your head.
You are covered in fur. (AC +1)


Message History

The hill giant hits you with a giant club!!
The hill giant throws a throwing net.
The throwing net hits you.
You become entangled in the net!
The worker ant simulacrum bites you. The worker ant simulacrum freezes you!
You struggle against the net.
The hill giant hits you with a giant club!
The worker ant simulacrum closely misses you.
As you read the scroll of teleportation, it crumbles to dust.
You feel strangely unstable.
The hill giant hits you with a giant spiked club!
* * * LOW HITPOINT WARNING * * *
The hill giant completely misses you. You furiously retaliate!
You headbutt the hill giant!
The worker ant simulacrum bites you but does no damage.
You struggle against the net.
The worker ant simulacrum bites you but does no damage.
The hill giant hits you with a giant spiked club!
* * * LOW HITPOINT WARNING * * *
The hill giant hits you with a giant club!!
You die...

#.......# #.#####.#
#######.#####.####
#................#
#.#####.#####.##..
#.#####........... .
##.#.......####....
#...##C.........#.......
#.....Z@.)?.....#.####..
....#.C.#.#.............
#...............#.#.##..
........#.#.....#.# #..
#...#.......$...# . ....
.............#### .##..
......#.##.### ....
#.##.##....# .... ..


You could see 2 hill giants and a worker ant simulacrum.

Vanquished Creatures
  Pikel (D:7)
  An ugly thing (D:8)
  Maurice (D:9)
  Psyche (D:9)
  2 centaur skeletons (D:10)
  4 trolls
  A polar bear (D:10)
  A hornet (D:10)
  Prince Ribbit (D:8)
  A hippogriff (D:7)
  2 yaks (D:10)
  A spriggan (D:8)
  Grum (D:8)
  2 hungry ghosts
  Edmund (D:6)
  A water moccasin (D:9)
  5 orc warriors
  2 black bears (D:10)
  7 ice beasts
  A sky beast (D:8)
  A slave (D:7)
  2 eyes of draining (D:10)
  2 necrophages
  A phantom (D:9)
  5 ogres
  5 wolves
  A centaur (D:5)
  3 bullfrogs
  A big kobold (D:9)
  16 killer bees (D:8)
  5 scorpions
  An electric eel (D:10)
  5 wights (D:10)
  4 howler monkeys
  2 crimson imps
  2 quasits
  A bullfrog zombie (D:10)
  3 jellies
  11 orc wizards
  4 orc priests
  2 hounds
  4 iguanas
  8 worker ants
  A killer bee zombie (D:8)
  2 centaur simulacra (D:10)
  A hound skeleton (D:5)
  Robin (D:3)
  12 gnolls
  14 adders
  3 river rats (D:5)
  A shadow imp (D:9)
  6 white imps (D:10)
  An ufetubus (D:10)
  2 oozes
  An adder skeleton (D:8)
  2 dart slugs
  4 worms
  A leopard gecko (D:8)
  45 orcs
  8 giant cockroaches
  8 goblins
  18 hobgoblins
  4 jackals
  11 kobolds
  5 quokkas
  4 ball pythons
  4 bats
  4 frilled lizards
  7 rats
296 creatures vanquished.

Vanquished Creatures (others)
  A slave (D:7)
  A bullfrog (D:7)
2 creatures vanquished.

Grand Total: 298 creatures vanquished

Notes
Turn   | Place    | Note
-------+----------+-------------------------------------------
     0 | D:1      | esteth the Minotaur Berserker began the quest for the Orb.
     0 | D:1      | Reached XP level 1. HP: 19/19 MP: 0/0
   438 | D:1      | Reached XP level 2. HP: 27/27 MP: 1/1
   813 | D:2      | Reached skill level 4 in Axes
   944 | D:2      | Reached XP level 3. HP: 33/33 MP: 2/2
  1102 | D:2      | Reached ** piety under Trog
  1222 | D:3      | Found a faded altar of an unknown god.
  1281 | D:3      | Reached skill level 5 in Axes
  1289 | D:3      | Gained mutation: You are covered in fur. (AC +1) [potion of mutation]
  1289 | D:3      | Gained mutation: Your muscles are strong. (Str +2) [potion of mutation]
  1289 | D:3      | Lost mutation: Your muscles are strong. (Str +2) [potion of mutation]
  1584 | D:3      | Reached XP level 4. HP: 40/40 MP: 3/3
  1653 | D:3      | Noticed Robin
  1658 | D:3      | Killed Robin
  1880 | D:3      | Found a runed door.
  1947 | D:3      | Reached skill level 6 in Axes
  2041 | D:3      | Reached *** piety under Trog
  2134 | D:3      | Reached XP level 5. HP: 46/46 MP: 4/4
  2481 | D:4      | Noticed an ogre
  2576 | D:4      | Reached skill level 7 in Axes
  2809 | D:4      | Reached XP level 6. HP: 52/52 MP: 5/5
  2937 | D:4      | Reached skill level 8 in Axes
  3157 | D:5      | Entered Level 5 of the Dungeon
  3172 | D:5      | Found Figy's Armour Shoppe.
  3186 | D:5      | Bought a +1 shield of cold resistance for 231 gold pieces
  3327 | D:5      | Found a staircase to the Ecumenical Temple.
  3346 | D:5      | Reached skill level 9 in Axes
  3362 | D:5      | Reached XP level 7. HP: 59/59 MP: 6/6
  3435 | D:5      | Found an opulent altar of Gozag.
  3974 | D:4      | Reached skill level 10 in Axes
  4285 | D:6      | Reached **** piety under Trog
  4374 | D:6      | Reached skill level 1 in Throwing
  4375 | D:6      | Noticed Edmund
  4400 | D:6      | Killed Edmund
  4739 | D:6      | Reached XP level 8. HP: 66/66 MP: 7/7
  5176 | D:7      | Reached skill level 5 in Throwing
  5268 | D:7      | Noticed Pikel
  5284 | D:7      | Killed Pikel
  5465 | D:7      | Noticed a hippogriff
  5472 | D:7      | Killed a hippogriff
  5472 | D:7      | Reached XP level 9. HP: 68/71 MP: 8/8
  5836 | D:8      | Noticed a green ugly thing
  5853 | D:8      | Killed a green ugly thing
  5853 | D:8      | Reached skill level 5 in Armour
  5992 | D:8      | Received a gift from Trog
  6163 | D:8      | Noticed Prince Ribbit
  6191 | D:8      | Killed Prince Ribbit
  6490 | D:8      | Reached ***** piety under Trog
  6812 | D:8      | Reached skill level 11 in Axes
  7229 | D:8      | Noticed Grum
  7239 | D:8      | Killed Grum
  7265 | D:8      | Received a gift from Trog
  7265 | D:8      | Reached skill level 12 in Axes
  7265 | D:8      | Reached XP level 10. HP: 10/78 MP: 9/9
  7568 | D:8      | Reached skill level 1 in Shields
  7722 | D:8      | Reached skill level 5 in Fighting
  8459 | D:9      | Noticed Maurice
  8498 | D:9      | Killed Maurice
  8517 | D:9      | Noticed Psyche
  8545 | D:9      | Killed Psyche
  8762 | D:9      | Found Urozeu's Weapon Emporium.
  8787 | D:9      | Received a gift from Trog
  9030 | D:9      | Found Wemuq's Weapon Shoppe.
  9046 | D:9      | Found a staircase to the Orcish Mines.
  9280 | D:9      | Reached skill level 10 in Fighting
  9762 | D:10     | Entered Level 10 of the Dungeon
  9810 | D:10     | Reached XP level 11. HP: 43/101 MP: 10/10
 10286 | D:10     | Received a gift from Trog
 10286 | D:10     | Reached skill level 13 in Axes
 10289 | D:10     | Got a transparent battleaxe {god gift}
 10290 | D:10     | Identified the +5 battleaxe of the Spider {freeze, Str+3 Int+2 Dex+2} (Trog gifted it to you on level 10 of the Dungeon)
 10721 | D:10     | Noticed a hill giant
 10722 | D:10     | Noticed a hill giant
 10731 | D:10     | Slain by a hill giant

Skill      XL: |  1  2  3  4  5  6  7  8  9 10 11 |
---------------+----------------------------------+-----
Fighting       | 4 10 | 10.8
Axes           | 4 5 6 7 9 10 12 13 | 13.5
Throwing       | 3 8 |  8.0
Armour         | 8 9 |  9.3
Shields        | 1 |  1.3
Dodging        | |  2.5

Action                   |  1- 3 |  4- 6 |  7- 9 | 10-12 || total
-------------------------+-------+-------+-------+-------++-------
Melee: Hand axe          |    89 |   152 |   127 |       ||   368
       Headbutt          |    13 |    27 |    63 |    67 ||   170
       War axe           |       |       |   252 |    20 ||   272
       Battleaxe         |       |       |       |   258 ||   258
Invok: Trog's Hand       |     1 |       |     2 |     2 ||     5
       Burn Spellbooks   |       |       |     2 |     2 ||     4
       Berserk           |       |       |       |     1 ||     1
       Brothers in Arms  |       |       |       |     1 ||     1
Evoke: Wand              |       |       |       |     1 ||     1
  Use: Scroll            |     6 |     1 |     7 |     2 ||    16
       Potion            |     5 |       |     2 |       ||     7
  Eat: Chunk             |     3 |     5 |    13 |    10 ||    31
       Bread ration      |       |       |     1 |     2 ||     3
Armor: Chain mail        |    49 |    58 |   248 |    80 ||   435
       Animal skin       |     1 |       |       |       ||     1
       Plate armour      |       |       |       |   176 ||   176
Dodge: Dodged            |    42 |    65 |    98 |   127 ||   332
Block: Shield            |       |     6 |   183 |    10 ||   199
